 Dungeon Crawl Stone Soup version 0.30-b1-2-g02819fbbbe (webtiles) character file.

Game seed: 6126549808388474898

127937 sking99 the Brawler (level 16, -4/167 HPs)
             Began as a Troll Monk on June 27, 2023.
             Was a High Priest of Qazlal.
             Constricted to death by a shambling mangrove (18 damage)
             ... on level 2 of the Swamp.
             The game lasted 01:08:38 (22471 turns).

sking99 the Brawler (Troll Monk)                   Turns: 22471, Time: 01:08:39

Health: -4/167     AC: 11    Str: 31    XL:     16   Next: 47%
Magic:  17/24      EV: 12    Int: 10    God:    Qazlal [*****.]
Gold:   2865       SH: 18    Dex: 18    Spells: 15/15 levels left

rFire   . .          .
                       - Unarmed
rCold   . . .        K - +0 kite shield
rNeg    . . .        O - +4 robe of Augmentation {Str+4 Int+4 Dex+4}
rPois   +            a - +2 hat
rElec   .            q - +0 cloak
rCorr   .            (gloves unavailable)
SInv    .            (boots unavailable)
Will    +....        m - amulet of regeneration
Stlth   +            R - ring of poison resistance
HPRegen 2.07/turn    I - +5 ring of evasion
MPRegen 0.19/turn

%: repel missiles
@: about to teleport, grasped by roots, slowed, constricted, studying Ice Magic,
very slow
A: large, unfitting armour, claws 3, regeneration 1, shaggy fur 1, tough skin 1
a: Renounce Religion, Upheaval, Elemental Force, Disaster Area


You were on level 2 of the Swamp.
You worshipped Qazlal.
Qazlal was extremely pleased with you.
You visited 5 branches of the dungeon, and saw 25 of its levels.
You also visited: Sewer and Volcano.

You collected 3174 gold pieces.
You spent 309 gold pieces at shops.

Inventory:

Hand Weapons
 b - a +4 scimitar of flaming
Missiles
 W - 3 throwing nets (quivered)
Armour
 a - a +2 hat (worn)
 q - a +0 cloak (worn)
 K - a +0 kite shield (worn)
 O - the +4 robe of Augmentation (worn) {Str+4 Int+4 Dex+4}
   (You found it on level 10 of the Dungeon)

   Str:       It affects your strength (+4).
   Int:       It affects your intelligence (+4).
   Dex:       It affects your dexterity (+4).
Jewellery
 c - a ring of willpower
 m - an amulet of regeneration (around neck)
 n - the ring "Emujob" {Ice Dex+6}
   (You found it on level 9 of the Dungeon)

   [ring of ice]

   It enhances your ice magic.
   Dex:       It affects your dexterity (+6).
   rF:        It makes you vulnerable to fire.
   rC:        It protects you from cold.
 r - a ring of protection from fire
 y - a ring of positive energy
 E - a ring of willpower
 G - a +6 ring of dexterity
 I - a +5 ring of evasion (right claw)
 P - a +6 ring of strength
 R - a ring of poison resistance (left claw)
Wands
 i - a wand of paralysis (4)
 x - a wand of digging (26)
 z - a wand of quicksilver (7)
 A - a wand of flame (29)
 N - a wand of iceblast (10)
 T - a wand of polymorph (7)
 U - a wand of mindburst (5)
Scrolls
 f - 7 scrolls of enchant armour
 h - 6 scrolls of identify
 k - 2 scrolls of amnesia {unknown}
 o - 11 scrolls of teleportation
 p - 5 scrolls of noise
 u - 2 scrolls of torment
 C - 3 scrolls of blinking
 H - 4 scrolls of immolation
 J - 3 scrolls of fear
 L - a scroll of enchant weapon
 M - 3 scrolls of fog
 V - a scroll of poison
 X - 2 scrolls of summoning
Potions
 d - 7 potions of curing
 e - 6 potions of heal wounds
 g - 6 potions of mutation
 j - 6 potions of brilliance
 l - 8 potions of degeneration
 s - 9 potions of flight
 t - 3 potions of berserk rage
 v - 2 potions of might
 w - a potion of attraction
 B - 2 potions of haste
 D - 5 potions of cancellation
 F - 4 potions of magic
 Q - a potion of lignification
 S - a potion of ambrosia
 Y - a potion of invisibility {unknown}


   Skills:
 + Level 12.5 Fighting
 - Level 2.4 Dodging
 - Level 10.8 Shields
 + Level 19.8 Unarmed Combat
 + Level 12.8 Invocations


You had 15 spell levels left.
You didn't know any spells.
Your spell library contained the following spells:

 Spells                   Type           Power      Damage    Failure   Level
 Freeze                   Ice            0%         1d3       50%         1
 Kiss of Death            Conj/Necr      0%         2d5       50%         1
 Necrotise                Necr           0%         1d4       50%         1
 Shock                    Conj/Air       0%         1d3       50%         1
 Static Discharge         Conj/Air       0%         2-2/arc   65%         2
 Sublimation of Blood     Necr           0%         N/A       65%         2
 Confusing Touch          Hex            0%         N/A       86%         3
 Frozen Ramparts          Ice            0%         1d1       86%         3
 Hailstorm                Conj/Ice       0%         3d3       86%         3
 Swiftness                Air            0%         N/A       86%         3
 Vampiric Draining        Necr           0%         2d6       86%         3
 Airstrike                Air            0%         2d(0-16)  99%         4
 Animate Armour           Summ/Erth      0%         N/A       99%         4
 Dispel Undead            Necr           0%         3d6       99%         4
 Ice Form                 Ice/Tmut       0%         N/A       99%         4
 Petrify                  Tmut/Erth      0%         N/A       99%         4
 Summon Lightning Spire   Summ/Air       0%         N/A       99%         4
 Agony                    Necr           0%         N/A       100%        5
 Alistair's Intoxication  Tmut/Pois      0%         N/A       100%        5
 Blade Hands              Tmut           0%         N/A       100%        5
 Borgnjor's Vile Clutch   Necr/Erth      0%         N/A       100%        5
 Irradiate                Conj/Tmut      0%         3d11      100%        5
 Summon Forest            Summ/Tloc      0%         N/A       100%        5
 Eringya's Noxious Bog    Tmut/Pois      0%         N/A       100%        6
 Iron Shot                Conj/Erth      0%         9d1       100%        6
 Simulacrum               Ice/Necr       0%         N/A       100%        6
 Summon Hydra             Summ           0%         N/A       100%        7


Dungeon Overview and Level Annotations

Branches:
Dungeon (15/15)            Temple (1/1) D:4            Lair (5/5) D:10
  Swamp (2/4) Lair:2        Snake (0/4) Lair:3        Slime (0/5) Lair:4
    Orc (2/2) D:12            Elf (0/3) Orc:2        Vaults (0/5) D:13
 Depths (0/4) D:15          Sewer (visited)         Volcano (visited)

Altars:
Ashenzari
Cheibriados
Dithmenos
Elyvilon
Fedhas
Gozag
Hepliaklqana
Kikubaaqudgha
Makhleb
Nemelex Xobeh
Okawaru
Qazlal
Ru
Sif Muna
Trog
Uskayaw
Vehumet
Wu Jian
Xom
Yredelemnul
Zin
The Shining One
Jiyva

Shops:
D:1 [   Orc:2 ![(**=*:?

Annotations:
D:12 2 transporters, enotiy's ghost, journeyman GrFi
Lair:4 1 runed translucent door
Lair:5 2 transporters, darkwiz's ghost, journeyman DsCK
Orc:2 2 runed translucent doors, arta456's ghost, journeyman DECj


Innate Abilities, Weirdness & Mutations

You are too large for most types of armour.
You have claws for hands.
Your natural rate of healing is unusually fast.
You are covered in fur. (AC +1)
You have tough skin. (AC +1)


Message History

You claw the bunyip!
The bunyip is severely wounded.
You are hit by a branch!
The spriggan druid casts a spell at you.
You block the stone arrow.
You mangle the bunyip!!
You kill the bunyip!
Qazlal accepts your kill.
A freezing mist starts to gather...
A bunyip simulacrum comes into view.
A tree reaches out and hits you! The grasping roots constrict you!
As you read the scroll of teleportation, it crumbles to dust.
You feel strangely unstable. A tree reaches out and hits you!
* * * LOW HITPOINT WARNING * * *
The bog body misses you.
The spriggan druid gestures at you while chanting.
You block the stone arrow. You block the spriggan druid's attack.
You block the bunyip simulacrum's attack. x2
The bunyip simulacrum closely misses you.
The grasping roots constrict you.
You barely miss the bog body.
The bog body is heavily damaged.
Trunks creak and shift.
A tree reaches out and hits you.
* * * LOW HITPOINT WARNING * * *
The bog body touches you!
* * * LOW HITPOINT WARNING * * *
The bog body freezes you!!
* * * LOW HITPOINT WARNING * * *
The spriggan druid calls out to the beasts of the wild!
The spriggan druid gestures at you while chanting.
You block the stone arrow.
You feel better. A root smacks you from below!
* * * LOW HITPOINT WARNING * * *
The bog body is engulfed in freezing vapours.
The bog body points at you and mumbles some strange words.
You feel yourself slow down.
You block the shambling mangrove's attack.
The grasping roots constrict you!!
You die...

♣~.♣ ♣♣.~~♣♣ ♣..♣♣♣..♣~.♣
♣♣♣♣ ♣~.~♣.~~~♣.♣ ♣♣♣...
♣~.~♣.~.~..♣ ♣♣...§~
♣......<~††♣♣♣♣♣♣♣♣♣...~~~
♣..~♣♣♣♣♣♣..~.~~~..†.~.†♣~
♣♣♣♣♣♣~.≈♣♣♣♣♣.~~♣.♣~~.♣..
#...)Zn≈#♣♣♣♣.~....~.~ ♣♣
♣♣@fw≈§~~♣♣~~~♣~~~. ♣≈
♣♣♣♣.ii♣.≈♣~~♣♣~.~~~~. ♣≈
♣♣♣..§#.♣.♣ ♣ ♣..~~~<. ♣≈
♣♣.~~~...♣... ♣~~~~>.. ♣≈
♣..~#♣♣♣♣♣ .♣. ♣§..[...
♣≈♣♣..~♣ ♣. .. ♣~>~~...
♣~~..♣.♣ ♣♣ . ♣..~~~~.
♣≈.#.~~♣# ♣♣~~~~..
♣♣~..♣..♣ ♣~......


You could see a shambling mangrove, a tyrant leech (soul bound), 2 spriggan
druids, a bog body and a bunyip simulacrum.

Vanquished Creatures
  Rupert (D:15)
  A thorn hunter (Swamp:1)
  Agnes (D:15)
  An emperor scorpion (D:15)
  2 orc warlords
  3 eleionomae
  Azrael (Orc:1)
  3 dire elephants
  5 bunyips
  The ghost of Amon001 the Basher, a journeyman DsFi of Gozag (D:13)
  An ettin (Orc:1)
  Josephine (D:15)
  8 hydras
  2 ogre magi (D:15)
  2 vault guards (D:13)
  2 catoblepae (D:13)
  5 boulder beetles
  A merfolk avatar (Lair:5)
  3 alligators
  5 centaur warriors
  8 two-headed ogres
  Erica (D:11)
  3 orc high priests
  8 death yaks
  A deep elf knight (Swamp:1)
  A hell knight (Volcano)
  2 skysharks
  A salamander mystic (Volcano)
  A sea snake (Lair:5)
  A swamp dragon (Swamp:1)
  A wizard (D:13)
  5 bog bodies
  3 goliath frogs
  A necromancer (Swamp:2)
  A deep elf archer (Swamp:1)
  A spriggan druid (Swamp:2)
  2 lindwurms
  2 deep elf pyromancers
  3 orc knights (Orc:2)
  5 orc sorcerers
  13 ugly things
  9 cyclopes
  7 elephants
  5 salamanders (Volcano)
  6 manticores
  5 black mambas
  3 slime creatures (D:14)
  An ice statue (Lair:2)
  A demonic crawler (Lair:5)
  Joseph (D:7)
  Maggie (D:7)
  3 torpor snails
  3 gargoyles
  15 cane toads
  2 kobold demonologists (D:10)
  5 rime drakes
  6 yaktaurs
  14 komodo dragons
  An ice devil (Lair:2)
  A troll (D:10)
  2 polar bears
  5 hornets
  6 tyrant leeches
  A wolf spider simulacrum (D:13)
  14 dream sheep
  14 blink frogs
  A snapping turtle (Lair:5)
  3 spriggans (Swamp:1)
  4 wyverns
  51 yaks
  A centaur simulacrum (D:15)
  A culicivora (shapeshifter) (D:15)
  A shadow (D:11)
  4 wraiths
  21 humans (D:13)
  2 steam dragons
  3 fire elementals (Orc:1)
  4 basilisks
  10 vampire mosquitoes
  Grum (D:8)
  6 wargs
  8 swamp worms
  An acid dragon (D:12)
  3 nagas (Lair:3)
  Duvessa (D:7)
  19 water moccasins
  A floating eye (shapeshifter) (D:13)
  A swamp drake (Swamp:2)
  6 hell hounds
  3 ice beasts
  24 orc warriors
  2 sky beasts
  12 ogres
  2 black bears
  18 wolves
  6 centaurs
  7 kobold brigands
  2 two-headed ogre simulacra (Lair:2)
  7 bullfrogs
  2 gnoll sergeants
  An entropy weaver simulacrum (Lair:2)
  A scorpion (D:4)
  8 wights
  Dowan (D:7)
  9 killer bees
  6 electric eels
  8 howler monkeys
  3 hounds
  A jelly (D:6)
  14 orc priests
  Crazy Yiuf (D:2)
  2 iguanas (D:5)
  A sleepcap (D:6)
  22 orc wizards
  A spriggan simulacrum (Lair:2)
  A wolf simulacrum (Lair:2)
  Robin (D:1)
  12 gnolls
  8 adders
  A naga simulacrum (Lair:2)
  2 river rats (Sewer)
  A shadow imp (D:5)
  An ufetubus (D:6)
  3 worms
  3 dart slugs
  58 orcs
  3 bats
  4 endoplasms
  4 giant cockroaches
  17 goblins
  6 hobgoblins
  10 jackals
  3 quokkas
  6 ball pythons
  2 frilled lizards
  23 kobolds
  14 rats
744 creatures vanquished.

Vanquished Creatures (others)
  2 bloated husks (Swamp:2)
  A slime creature (D:14)
  An orc (Orc:2)
  6 fungi
  30 plants
40 creatures vanquished.

Grand Total: 784 creatures vanquished

Notes
Turn   | Place    | Note
-------+----------+-------------------------------------------
     0 | D:1      | sking99 the Troll Monk began the quest for the Orb.
     0 | D:1      | Reached XP level 1. HP: 22/22 MP: 0/0
    49 | D:1      | Found Anubuyle's Armour Emporium.
   101 | D:1      | Reached XP level 2. HP: 25/29 MP: 1/1
   700 | D:1      | Reached XP level 3. HP: 36/36 MP: 2/2
   701 | D:2      | Noticed Robin
   713 | D:1      | Reached skill level 4 in Unarmed Combat
   740 | D:1      | Killed Robin
   989 | D:2      | Reached XP level 4. HP: 44/45 MP: 3/3
  1494 | D:2      | Found a runed translucent door.
  1495 | D:2      | Noticed Crazy Yiuf
  1672 | D:2      | Killed Crazy Yiuf
  1771 | D:3      | Reached skill level 5 in Unarmed Combat
  1771 | D:3      | Reached XP level 5. HP: 42/53 MP: 4/4
  1971 | D:3      | Found a hazy altar of Hepliaklqana.
  1988 | D:3      | Found a glowing drain.
  2002 | Sewer    | Entered a sewer
  2077 | Sewer    | Reached XP level 6. HP: 62/62 MP: 5/5
  2102 | Sewer    | Found a white marble altar of Elyvilon.
  2519 | D:4      | Found a hide-covered altar of Uskayaw.
  2531 | D:4      | Reached skill level 6 in Unarmed Combat
  2568 | D:4      | Noticed a sky beast
  2577 | D:4      | Killed a sky beast
  2611 | D:4      | Found a broken altar of Ashenzari.
  2904 | D:4      | Found a staircase to the Ecumenical Temple.
  2912 | Temple   | Entered the Ecumenical Temple
  2997 | Temple   | Became a worshipper of Qazlal Stormbringer
  2997 | Temple   | Reached * piety under Qazlal
  2997 | Temple   | Reached ** piety under Qazlal
  3118 | D:5      | Entered Level 5 of the Dungeon
  3131 | D:5      | Reached XP level 7. HP: 70/70 MP: 6/6
  3232 | D:5      | Reached skill level 7 in Unarmed Combat
  3232 | D:5      | Reached skill level 1 in Invocations
  3769 | D:6      | Noticed a yak
  3769 | D:6      | Noticed a yak
  3769 | D:6      | Noticed a yak
  3769 | D:6      | Noticed a yak
  3769 | D:6      | Noticed a yak
  3769 | D:6      | Noticed a yak
  3799 | D:6      | Reached XP level 8. HP: 79/79 MP: 8/8
  3806 | D:6      | Reached skill level 5 in Fighting
  3806 | D:6      | Reached skill level 8 in Unarmed Combat
  3880 | D:5      | Reached skill level 9 in Unarmed Combat
  4044 | D:6      | Reached XP level 9. HP: 87/89 MP: 10/10
  4146 | D:6      | Identified the +4 rapier of Loving Exquisite Death {heavy,
                  | rF+}
  4815 | D:7      | Reached skill level 10 in Unarmed Combat
  5108 | D:7      | Noticed Joseph
  5127 | D:7      | Killed Joseph
  5452 | D:7      | Noticed Maggie
  5459 | D:7      | Killed Maggie
  5460 | D:7      | Reached skill level 5 in Invocations
  5518 | D:7      | Noticed Dowan
  5519 | D:7      | Noticed Duvessa
  5523 | D:7      | Killed Dowan
  5528 | D:7      | Killed Duvessa
  5576 | D:7      | Reached skill level 11 in Unarmed Combat
  5753 | D:8      | Noticed Grum
  5759 | D:8      | Reached XP level 10. HP: 95/100 MP: 13/13
  5766 | D:8      | Killed Grum
  5847 | D:8      | Reached skill level 1 in Shields
  5861 | D:8      | HP: 5/100 [killer bee (8)]
  6354 | D:8      | Identified the +7 war axe of Unreason {drain, Str+2}
  6605 | D:1      | Bought a +2 hat for 176 gold pieces
  6920 | D:9      | Found a white marble altar of Elyvilon.
  6929 | D:9      | Found a basalt altar of Yredelemnul.
  6929 | D:9      | Found an opulent altar of Gozag.
  6930 | D:9      | Found a glowing golden altar of the Shining One.
  7157 | D:9      | Identified the ring "Emujob" {Ice Dex+6}
  7574 | D:10     | Entered Level 10 of the Dungeon
  7592 | D:10     | Noticed a two-headed ogre
  7597 | D:10     | Killed a two-headed ogre
  7598 | D:10     | Reached skill level 12 in Unarmed Combat
  7707 | D:10     | Noticed a soul eater
  7725 | D:10     | Noticed a smoke demon
  7731 | D:10     | Reached *** piety under Qazlal
  7800 | D:10     | Found the +4 robe of Augmentation {Str+4 Int+4 Dex+4}
  8021 | D:10     | Reached XP level 11. HP: 93/109 MP: 13/15
  8156 | D:10     | Found an iron altar of Okawaru.
  8519 | D:10     | Found a staircase to the Lair.
  8781 | D:11     | Noticed Erica
  8789 | D:11     | Killed Erica
  8930 | D:11     | Found a broken altar of Ashenzari.
  8966 | D:11     | Reached skill level 13 in Unarmed Combat
  9250 | D:11     | Noticed a cyan ugly thing
  9256 | D:11     | Killed a cyan ugly thing
  9675 | Lair:1   | Entered Level 1 of the Lair of Beasts
  9759 | Lair:1   | Noticed Sonja
  9771 | Lair:1   | Sonja changed into Sonja the water moccasin
  9771 | Lair:1   | Noticed Sonja
  9778 | Lair:1   | Killed Sonja the water moccasin
 10136 | Lair:1   | Reached skill level 5 in Shields
 10182 | Lair:1   | Reached **** piety under Qazlal
 10802 | Lair:2   | Reached XP level 12. HP: 117/122 MP: 16/16
 11023 | Lair:2   | Noticed a death yak
 11027 | Lair:2   | Noticed a death yak
 11030 | Lair:2   | Noticed a death yak
 11031 | Lair:2   | Killed a death yak
 11031 | Lair:2   | Noticed a death yak
 11033 | Lair:2   | Noticed a death yak
 11048 | Lair:2   | Killed a death yak
 11049 | Lair:2   | Reached skill level 14 in Unarmed Combat
 11062 | Lair:2   | Killed a death yak
 11065 | Lair:2   | Killed a death yak
 11070 | Lair:2   | Killed a death yak
 11216 | Lair:2   | Noticed a death yak
 11235 | Lair:2   | Killed a death yak
 11353 | Lair:2   | Found a staircase to the Swamp.
 11871 | Lair:3   | Found a staircase to the Snake Pit.
 11903 | Lair:3   | Reached skill level 15 in Unarmed Combat
 12014 | Lair:3   | Reached ***** piety under Qazlal
 12168 | Lair:3   | Reached XP level 13. HP: 131/131 MP: 18/18
 13255 | Lair:4   | Reached skill level 16 in Unarmed Combat
 13268 | Lair:4   | Reached skill level 10 in Fighting
 13586 | Lair:4   | Found a viscous altar of Jiyva.
 13587 | Lair:4   | Found a runed translucent door.
 13615 | Lair:4   | Found a staircase to the Slime Pits.
 13860 | Lair:5   | Entered Level 5 of the Lair of Beasts
 13982 | Lair:4   | Reached skill level 10 in Invocations
 14089 | Lair:5   | Noticed darkwiz's ghost (journeyman DsCK)
 14111 | Lair:5   | Found a transporter.
 14140 | Lair:5   | Found a transporter.
 14198 | Lair:5   | Reached XP level 14. HP: 102/144 MP: 20/20
 14554 | Lair:5   | Reached skill level 17 in Unarmed Combat
 14596 | Lair:5   | Identified the +3 spear of the Sun {freeze, *Noise rC+ rN+
                  | SInv}
 15026 | Lair:5   | Identified the ring "Bewasome" {+Blink MP+9 Int+2}
 15677 | D:12     | Noticed a storm dragon
 15770 | D:12     | Found a transporter.
 15774 | D:12     | Found a transporter.
 15774 | D:12     | Noticed enotiy's ghost (journeyman GrFi)
 15913 | D:12     | Found a staircase to the Orcish Mines.
 16439 | Orc:1    | Entered Level 1 of the Orcish Mines
 16441 | Orc:1    | Noticed an orc warlord
 16481 | Orc:1    | Killed an orc warlord
 16620 | Orc:2    | Entered Level 2 of the Orcish Mines
 16629 | Orc:2    | Noticed Azrael
 16634 | Orc:1    | Paralysed by an orc sorcerer for 5 turns
 16782 | Orc:1    | Found a dark tunnel.
 16821 | Volcano  | Entered a volcano
 17355 | Orc:1    | Killed Azrael
 17411 | Orc:2    | Found Gaoxin's Book Boutique.
 17427 | Orc:2    | Found a staircase to the Elven Halls.
 17437 | Orc:2    | Noticed an orc warlord
 17453 | Orc:2    | Killed an orc warlord
 17586 | Orc:2    | Found a large runed translucent door.
 17594 | Orc:2    | Found a large runed translucent door.
 17598 | Orc:2    | Noticed arta456's ghost (journeyman DECj)
 17741 | Orc:2    | Found Raog's Assorted Antiques.
 17743 | Orc:2    | Found Inuep's Distillery.
 17747 | Orc:2    | Found Peaploev's Assorted Antiques.
 17775 | Orc:2    | Reached skill level 18 in Unarmed Combat
 17778 | Orc:2    | Reached XP level 15. HP: 153/153 MP: 22/22
 17848 | Orc:2    | Found Keuromio's Antique Weapon Shop.
 17864 | Orc:2    | Found Mummarod's General Store.
 17929 | Orc:2    | Found Arythrul's Magic Scroll Shoppe.
 17932 | Orc:2    | Bought a scroll of summoning for 133 gold pieces
 18049 | Orc:2    | Found Ochu's Jewellery Shop.
 18064 | Orc:2    | Found Kothepiad's Antique Armour Shop.
 18348 | D:13     | Found a runed translucent door.
 18349 | D:13     | Noticed Amon001's ghost (journeyman DsFi)
 18465 | D:13     | Reached ****** piety under Qazlal
 18481 | D:13     | Found a gate to the Vaults.
 18615 | D:13     | Reached skill level 10 in Shields
 18904 | D:13     | Identified the +11 dagger of the Illusory Knives {flame,
                  | Str+4}
 19241 | D:13     | Killed Amon001's ghost
 19732 | D:15     | Entered Level 15 of the Dungeon
 19745 | D:15     | Noticed Rupert
 19746 | D:15     | Noticed Josephine
 19752 | D:15     | Killed Josephine
 19753 | D:15     | Killed Rupert
 19967 | D:15     | Noticed Agnes
 19976 | D:15     | Killed Agnes
 19977 | D:15     | Reached skill level 19 in Unarmed Combat
 20115 | D:15     | Noticed an emperor scorpion
 20137 | D:15     | Killed an emperor scorpion
 20156 | D:15     | Reached XP level 16. HP: 92/165 MP: 20/24
 20404 | D:15     | Found a staircase to the Depths.
 20497 | D:15     | Identified the +0 leather armour of Qotuchuv {rCorr Int+3}
 20838 | Swamp:1  | Entered Level 1 of the Swamp
 20916 | Swamp:1  | Noticed a thorn hunter
 20925 | Swamp:1  | Killed a thorn hunter
 21569 | Swamp:1  | Found a blossoming altar of Fedhas.
 22471 | Swamp:2  | Constricted to death by a shambling mangrove

Illustrated notes

Levels and vault maps discovered:
D:1:      dpeg_arrival_rhombus, layout_basic, serial_shops, shop, minivault_27,
          minmay_distorted
D:2:      layout_basic, nicolae_figureground_sparkle, uniq_crazy_yiuf_cottage,
          uniq_robin
D:3:      layout_basic, nzn_hepliaklqana_mist_gate, cheibrodos_sewer_entry_bend
D:4:      layout_cave_pools, nicolae_uskayaw_murder_on_the_dancefloor,
          lemuel_round_altar, minmay_temple_entry_enclosed_plants
D:5:      layout_loops_ring
D:6:      layout_loops_ring
D:7:      layout_loops_corners, uniq_duvessa, uniq_joseph, uniq_maggie
D:8:      layout_cave_pools, skrybe_limestone_x, uniq_grum
D:9:      layout_loops_ring, grunt_temple_overflow_open, kennysheep_doodads
D:10:     layout_stronghold, okawaru_metal_pillars_1_2, erik_lair_dragon
D:11:     layout_long_grid, evilmike_ruin_ashenzari, uniq_erica
D:12:     layout_stronghold, david_orc_2, gammafunk_ghost_arena
D:13:     layout_grid_maze, grunt_vaults_entry_tiered,
          ebering_ghost_inner_flame, kennysheep_generic_room_2
D:14:     layout_rooms, onia_ninara_dug_in_and_dangerous
D:15:     hangedman_depths_entry_try_elsewhere_first, layout_rooms,
          nicolae_water_bricks, uniq_rupert, uniq_josephine, uniq_agnes
Temple:   zaba_magenta_temple
Lair:1:   layout_gridlike, uniq_sonja
Lair:2:   dreamdust_isle_of_ice, layout_layer_cave, swamp_mist_pool,
          lemuel_old_faithful, grunt_megastairs_5
Lair:3:   layout_cave_pods, guppyfry_snake_entry_garden, grunt_megastairs_4
Lair:4:   nzn_winding_woodlands_cross [nzn_winding_woodlands_5x15_garden,
          nzn_winding_woodlands_5x15_cabin,
          nzn_winding_woodlands_5x15_river_crossing,
          nzn_winding_woodlands_5x15_zeroes,
          nzn_winding_woodlands_15x15_killbox], layout_hall_layers,
          slime_entry_2, chequers_serial_rivers_marsh, serial_bayou_pond_d,
          beast_lair_carwin_4, infiniplex_staircase_pool_2
Lair:5:   gammafunk_lair_ancient_temple, layout_gridlike,
          gammafunk_ghost_berserking_beasts, worms_lemuel
Swamp:1:  layout_falls_marsh, evilmike_swamp_ruin_house_2, swamp_pool2,
          nicolae_swamp_godswood, beargit_elvish_explorers
Swamp:2:  nicolae_swamp_standing_stones, layout_falls_marsh,
          hangedman_swamp_ruin_hall
Orc:1:    layout_caves, nicolae_volcano_entry_vermiform,
          nicolae_orc_stony_grotto
Orc:2:    grunt_orc_cross, layout_caves, ebering_ghost_disaster_area,
          serial_shops, nicolae_shop_competitors_out_of_business, shop,
          nicolae_shop_overgrown_old_shop, nicolae_shop_window_shopping, shop,
          uniq_azrael

Skill      XL: |  1  2  3  4  5  6  7  8  9 10 11 12 13 14 15 16 |
---------------+-------------------------------------------------+-----
Unarmed Combat | 4 5 6 7 9 11 12 13 15 16 18 19 | 19.8
Fighting       | 3 4 5 6 7 8 9 10 11 12 | 12.5
Invocations    | 2 3 5 6 7 9 10 11 12 | 12.8
Shields        | 3 5 6 8 9 10 | 10.8
Dodging        | |  2.4

Action                     |  1- 3 |  4- 6 |  7- 9 | 10-12 | 13-15 | 16-18 || total
---------------------------+-------+-------+-------+-------+-------+-------++-------
  Melee: Unarmed           |    66 |   137 |   193 |   576 |   870 |   183 ||  2025
         Scimitar          |       |       |       |       |    29 |       ||    29
 Invoke: Upheaval          |       |       |     3 |     7 |    23 |    10 ||    43
         Disaster Area     |       |       |       |       |     2 |     1 ||     3
  Evoke: Wand              |       |       |       |     7 |       |       ||     7
    Use: Scroll            |       |     8 |       |     7 |    11 |     1 ||    27
         Potion            |       |       |       |     7 |     3 |     1 ||    11
 Armour: Robe              |    17 |    36 |    21 |    53 |   198 |    22 ||   347
         Acid dragon scale |       |       |       |    51 |       |       ||    51
  Dodge: Dodged            |    33 |    52 |    72 |   197 |   371 |    47 ||   772
         Repelled          |       |       |       |     6 |    11 |     3 ||    20
  Block: Orb               |       |     1 |    16 |       |       |       ||    17
         Kite shield       |       |       |     2 |   375 |   904 |   115 ||  1396
